 Dungeon Crawl Stone Soup version 0.16-a0-3458-g6d2551d (webtiles) character file.

755 stonewall the Chopper (level 7, -1/51 HPs)
             Began as a Mummy Arcane Marksman on Jan 1, 2015.
             Was a Follower of Yredelemnul.
             Slain by Menkaure (16 damage)
             ... on level 4 of the Dungeon.
             The game lasted 00:07:26 (4403 turns).

stonewall the Chopper (Mummy Arcane Marksman)       Turns: 4403, Time: 00:07:27

Health: -1/51      AC:  6    Str: 16    XL:     7   Next: 49%
Magic:  9/9        EV:  9    Int: 12    God:    Yredelemnul [*.....]
Gold:   128        SH:  0    Dex: 11    Spells: 1 memorised, 7 levels left

rFire  x . .     SeeInvis .     q - +0 war axe
rCold  + . .     Clarity  .     k - +0 scale mail
rNeg   + + +     SustAb   .     (no shield)
rPois  ∞         Gourm    .     (no helmet)
rElec  .         Spirit   .     (no cloak)
rCorr  .         Warding  .     (no gloves)
rMut   .         Stasis   .     (no boots)
MR     .....                    (no amulet)
Stlth  ..........               (no ring)
                                (no ring)

@: not resistant to hostile enchantments, extremely unstealthy
A: no food or potions, fire vulnerability, restore body, cold resistance 1,
negative energy resistance 3, poison resistance, torment resistance, unbreathing
a: Animate Remains, Renounce Religion


You were on level 4 of the Dungeon.
You worshipped Yredelemnul.
Yredelemnul was aware of your devotion.
You were not hungry.

You visited 1 branch of the dungeon, and saw 4 of its levels.

You collected 128 gold pieces.

Inventory:

Hand weapons
 b - a +0 hunting sling
 h - a +0 blowgun
 j - a +3 hand axe
 m - a +1 antimagic spear
 q - a +0 war axe (weapon)
Missiles
 c - 15 sling bullets
 e - 15 sling bullets of flame
 f - 104 stones (quivered)
 i - 11 poisoned sling bullets
 r - 36 poisoned needles
Armour
 a - a +0 robe
 k - a +0 scale mail (worn)
Magical devices
 n - a wand of teleportation (5)
 o - a wand of magic darts (18)
Scrolls
 g - 2 scrolls of identify
 l - a scroll of blinking {unknown}
 p - a scroll of fear
 s - a scroll of amnesia {unknown}
Books
 d - a book of Debilitation

   Spells                             Type                      Level
   a - Corona                         Hexes                        1
   b - Slow                           Hexes                        2
   c - Inner Flame                    Hexes/Fire                   3
   d - Enslavement                    Hexes                        4
   e - Cause Fear                     Hexes                        4
   f - Leda's Liquefaction            Hexes/Earth                  4


   Skills:
 - Level 2.5 Fighting
 * Level 6.5 Axes
 - Level 1.5 Slings
 - Level 1.5 Dodging
 - Level 1.0 Spellcasting
 - Level 2.6 Hexes


You had 7 spell levels left.
You knew the following spells:

 Your Spells              Type           Power        Failure   Level  Hunger
a - Corona                Hex            #......      34%         1    N/A

Dungeon Overview and Level Annotations

Branches:
Dungeon (4/15)
 Temple: D:4-7

Altars:
Dithmenos
Yredelemnul

Annotations:
D:4 Duvessa, Menkaure


Innate Abilities, Weirdness & Mutations

You do not eat or drink.
Your flesh is vulnerable to fire.
Your flesh is cold resistant.
You are immune to negative energy.
Your system is resistant to poisons.
You are immune to unholy pain and torment.
You can survive without breathing.


Message History

You hit Menkaure.
Menkaure is severely damaged.
You barely miss the orc wizard. Menkaure hits you!
* * * LOW HITPOINT WARNING * * *
The orc wizard hits you but does no damage.
You hit Menkaure but do no damage.
Menkaure is severely damaged.
You barely miss the orc wizard. Menkaure barely misses you.
The orc wizard hits you but does no damage.
Menkaure casts a spell at you.
You are unaffected.
Unknown command.
You hit Menkaure but do no damage.
Menkaure is severely damaged.
You hit the orc wizard.
The orc wizard is lightly wounded.
The orc wizard hits you but does no damage.
Menkaure hits you!
You die...
Yredelemnul claims you as an undead slave.

#### ###..### ##......#
## #.......# ..
#.......######..
####.##..####......
#....##.#####....M.#
#.#####...)...M# ###.#
###.##..#@## .
..†.###....###.#o.##.....
###........# #...........
.........### #..##.......
.##......# #.## #..._.
......#### #.. .....
.##.### #.. ....
.#..###### ##. ...
.....%...# ..


You could see Menkaure and an orc wizard.

Vanquished Creatures
  Pikel (D:4)
  Dowan (D:4)
  An orc wizard (D:4)
  A worker ant (D:4)
  3 gnolls (D:3)
  8 adders
  5 worms
  A giant gecko (D:1)
  5 orcs
  A ball python (D:2)
  7 bats
  A bat skeleton (D:4)
  5 giant cockroaches
  9 hobgoblins
  11 jackals
  5 kobolds
  A quokka (D:3)
  3 giant newts
  17 goblins
  5 rats
91 creatures vanquished.

Vanquished Creatures (others)
  A slave (D:4)
  An orc priest (D:4)
  A bat (D:4)
3 creatures vanquished.

Grand Total: 94 creatures vanquished

Notes
Turn   | Place    | Note
--------------------------------------------------------------
     0 | D:1      | stonewall, the Mummy Arcane Marksman, began the quest for the Orb.
     0 | D:1      | Reached XP level 1. HP: 15/15 MP: 2/2
   148 | D:1      | Reached XP level 2. HP: 11/22 MP: 3/3
  1094 | D:2      | Reached skill level 1 in Axes
  1094 | D:2      | Reached XP level 3. HP: 28/28 MP: 4/4
  1239 | D:2      | Found a basalt altar of Yredelemnul.
  1257 | D:2      | Became a worshipper of Yredelemnul the Dark
  1481 | D:2      | You fall through a shaft for 2 floors!
  1512 | D:4      | Reached XP level 4. HP: 12/34 MP: 5/5
  2190 | D:3      | Reached skill level 3 in Axes
  2291 | D:3      | Acquired Yredelemnul's first power
  2294 | D:3      | Reached XP level 5. HP: 10/39 MP: 7/7
  3038 | D:4      | Noticed Dowan
  3052 | D:4      | Killed Dowan
  3052 | D:4      | Reached skill level 4 in Axes
  3806 | D:2      | Reached XP level 6. HP: 46/46 MP: 8/8
  4116 | D:4      | Noticed Duvessa
  4209 | D:4      | Acquired Yredelemnul's second power
  4225 | D:4      | Noticed a slave
  4226 | D:4      | Noticed a slave
  4226 | D:4      | Noticed a slave
  4228 | D:4      | Noticed Pikel
  4228 | D:4      | Noticed a slave
  4248 | D:4      | Killed Pikel
  4248 | D:4      | Reached skill level 6 in Axes
  4248 | D:4      | Reached XP level 7. HP: 16/51 MP: 9/9
  4352 | D:4      | Killed a freed slave
  4385 | D:4      | Noticed Menkaure
  4387 | D:4      | Found a shadowy altar of Dithmenos.
  4403 | D:4      | Slain by Menkaure

Action                   |  1- 3 |  4- 6 |  7- 9 || total
-------------------------+-------+-------+-------++-------
Melee: Hand axe          |    60 |    76 |       ||   136
       War axe           |       |   170 |    12 ||   182
 Fire: Hunting sling     |    63 |       |       ||    63
Invok: Injury Mirror     |       |     1 |       ||     1
Evoke: Wand              |       |     4 |       ||     4
  Use: Scroll            |     4 |     4 |       ||     8
